 Dungeon Crawl Stone Soup version 0.21.1-1-g345015f (webtiles) character file.

118 sking99 the Poker (level 5, -2/57 HPs)
             Began as a Merfolk Skald on June 24, 2018.
             Slain by Sigmund
             ... wielding a +0 scythe
              (13 damage)
             ... on level 3 of the Dungeon.
             The game lasted 00:08:39 (3188 turns).

sking99 the Poker (Merfolk Skald)                   Turns: 3188, Time: 00:08:40

Health: -2/57      AC:  3    Str: 16    XL:     5   Next: 2%
Magic:  4/8        EV: 12    Int: 13    God:
Gold:   106        SH:  0    Dex: 14    Spells: 4/9 levels left

rFire    . . .     SeeInvis .   a - +0 spear
rCold    . . .     Gourm    .   (no shield)
rNeg     . . .     Faith    .   b - +0 leather armour
rPois    .         Spirit   .   (no helmet)
rElec    .         Reflect  .   g - scarf {cloud immunity}
rCorr    .         Harm     .   (no gloves)
MR       .....                  (no boots)
Stlth    ..........             (no amulet)
HPRegen  0.19/turn              (no ring)
MPRegen  0.11/turn              (no ring)

@: berserking, shrouded, infused, very quick
A: change form in water, swift swim, stealthy swim
a: no special abilities


You were on level 3 of the Dungeon.
You were not hungry.

You visited 1 branch of the dungeon, and saw 3 of its levels.

You collected 106 gold pieces.

Inventory:

Hand Weapons
 a - a +0 spear (weapon)
Armour
 b - a +0 leather armour (worn)
 g - a scarf of cloud immunity (worn)
 j - a +0 buckler
Jewellery
 p - an uncursed amulet of faith {unknown}
Scrolls
 f - 3 scrolls of remove curse {unknown}
 h - 3 scrolls of identify {unknown}
 k - a scroll of enchant weapon {unknown}
 m - a scroll of enchant armour {unknown}
 n - a scroll of magic mapping {unknown}
 q - a scroll of fog {unknown}
Potions
 e - a potion of ambrosia {unknown}
 i - a potion of berserk rage
 l - a potion of curing {unknown}
 r - a potion of resistance {unknown}
Books
 c - a book of Battle

   Spells                             Type                      Level
   a - Infusion                       Charms                       1
   b - Shroud of Golubria             Charms/Translocation         2
   c - Song of Slaying                Charms                       2
   d - Spectral Weapon                Hexes/Charms                 3
   e - Regeneration                   Charms/Necromancy            3
Comestibles
 d - 6 rations
 o - a chunk of flesh


   Skills:
 - Level 2.1 Fighting
 * Level 6.0 Polearms
 - Level 0.6 Armour
 - Level 2.6 Dodging
 + Level 2.6 Spellcasting
 + Level 4.0 Charms


You had 4 spell levels left.
You knew the following spells:

 Your Spells              Type           Power        Failure   Level  Hunger
a - Infusion              Chrm           ##..         5%          1    #......
b - Shroud of Golubria    Chrm/Tloc      #.........   21%         2    ###....
c - Song of Slaying       Chrm           ##......     9%          2    ###....


Dungeon Overview and Level Annotations

Branches:
Dungeon (3/15)

Altars:

Annotations:
D:3 Sigmund


Message History

Space distorts slightly along a thin shroud covering your body.
Your shroud bends something's attack away.
You hear some strange, mumbled words.
A puff of flame appears from out of thin air!
The puff of flame hits you!
You see here a scroll labeled NAACEDEUXT.
Casting: Shroud of Golubria
Confirm with . or Enter, or press ? or * to list all spells.
You begin infusing your attacks with magical energy.
Something hits you!
* * * LOW HITPOINT WARNING * * *
It was a potion of berserk rage.
A red film seems to cover your vision as you go berserk!
You feel yourself moving faster!
You feel mighty! Something hits you.
* * * LOW HITPOINT WARNING * * *
You closely miss something.
Your shroud bends something's attack away!
You puncture something! You miss something. Something hits you!
You die...

# # ####### #
###.....# #
##{#.###.# #
#.@..# #.# #
##.### #.# #
#######.#####
# #..†......#
# #.###.###.#
# #.# #.###.#
# #.# #...#.#
#.#####.#.#
#.#.###.#.# #


There were no monsters in sight!

Vanquished Creatures
  5 adders
  An ooze (D:1)
  3 worms (D:2)
  3 leopard geckos
  14 bats
  2 giant cockroaches (D:1)
  7 goblins
  4 hobgoblins
  2 quokkas
  2 frilled lizards
  7 kobolds
  9 rats
59 creatures vanquished.

Notes
Turn   | Place    | Note
-------+----------+-------------------------------------------
     0 | D:1      | sking99 the Merfolk Skald began the quest for the Orb.
     0 | D:1      | Reached XP level 1. HP: 16/16 MP: 3/3
   262 | D:1      | Reached skill level 4 in Polearms
   262 | D:1      | Reached XP level 2. HP: 22/22 MP: 5/5
   340 | D:1      | Learned a level 2 spell: Shroud of Golubria
   343 | D:1      | Learned a level 2 spell: Song of Slaying
   670 | D:1      | Reached XP level 3. HP: 27/27 MP: 3/6
  1091 | D:2      | Reached skill level 5 in Polearms
  1791 | D:2      | Reached XP level 4. HP: 33/33 MP: 7/7
  2832 | D:3      | Reached skill level 6 in Polearms
  2937 | D:3      | Reached XP level 5. HP: 35/38 MP: 8/8
  3178 | D:3      | Noticed Sigmund
  3188 | D:3      | Slain by Sigmund

Skill      XL: |  1  2  3  4 |
---------------+-------------+-----
Polearms       | 4 5 6 |  6.0
Charms         | 4 |  4.0
Fighting       | |  2.1
Armour         | |  0.6
Dodging        | |  2.6
Spellcasting   | |  2.6

Action                   |  1- 3 |  4- 6 || total
-------------------------+-------+-------++-------
Melee: Spear             |   138 |   127 ||   265
 Cast: Infusion          |    13 |     6 ||    19
       Shroud of Golubri |       |     1 ||     1
  Use: Potion            |       |     1 ||     1
 Stab: Sleeping          |     1 |     1 ||     2
  Eat: Chunk             |     3 |     5 ||     8
Armor: Leather armour    |    28 |    13 ||    41
Dodge: Dodged            |    69 |    40 ||   109
